 Dungeon Crawl Stone Soup version 0.29.1-12-g30fa7ad0bf (webtiles) character file.

Game seed: 17078744933722187529

1838 bnorton916 the Thaumaturge (level 8, 0/41 HPs)
             Began as a Deep Elf Fire Elementalist on Dec 27, 2022.
             Was an Initiate of Gozag.
             Slain by an unseen horror (8 damage)
             ... on level 7 of the Dungeon.
             The game lasted 00:10:10 (8035 turns).

bnorton916 the Thaumaturge (DEFE)                   Turns: 8035, Time: 00:10:11

Health: 0/41       AC:  7    Str:  5    XL:     8   Next: 87%
Magic:  23/31      EV: 12    Int: 23    God:    Gozag
Gold:   233        SH:  0    Dex: 15    Spells: 15/24 levels left

rFire   . . .      SeeInvis .   B - +2 dagger (elec)
rCold   . . .      Faith    .   (no shield)
rNeg    . . .      Spirit   .   K - +0 steam dragon scales
rPois   .          Reflect  .   p - +0 helmet
rElec   .          Harm     .   w - +0 cloak
rCorr   .          Rampage  .   (no gloves)
Will    +....                   (no boots)
Stlth   ++........              u - amulet of regeneration
HPRegen 0.93/turn               q - ring of willpower
MPRegen 0.22/turn               y - ring of magical power

@: no status effects
A: no striking features
a: Renounce Religion, Potion Petition, Call Merchant, Bribe Branch


You were on level 7 of the Dungeon.
You worshipped Gozag.
Gozag was aware of your devotion.
You visited 2 branches of the dungeon, and saw 8 of its levels.

You collected 337 gold pieces.
You paid 104 gold pieces to Gozag.

Inventory:

Hand Weapons
 a - a +3 long sword
 i - a +1 dagger of holy wrath
 B - a +2 dagger of electrocution (weapon)
Armour
 p - a +0 helmet (worn)
 w - a +0 cloak (worn)
 K - +0 steam dragon scales (worn)
Jewellery
 d - a ring of fire
 q - a ring of willpower (left hand)
 u - an amulet of regeneration (around neck)
 y - a ring of magical power (right hand)
 D - a ring of protection from cold
 G - a ring of magical power
 M - a +6 ring of strength
 N - a ring of poison resistance
Scrolls
 c - a scroll of summoning {unknown}
 f - 10 scrolls of identify {unknown}
 g - a scroll of silence {unknown}
 h - 2 scrolls of magic mapping {unknown}
 j - 2 scrolls of torment {unknown}
 k - a scroll of brand weapon {unknown}
 l - a scroll of blinking
 n - 2 scrolls of poison {unknown}
 r - a scroll of vulnerability {unknown}
 x - 2 scrolls of immolation {unknown}
 C - a scroll of butterflies {unknown}
 E - a scroll of enchant armour {unknown}
 O - a scroll of teleportation {unknown}
Potions
 b - a potion of magic
 e - a potion of haste {unknown}
 m - 3 potions of curing
 o - 2 potions of invisibility {unknown}
 s - 2 potions of ambrosia {unknown}
 t - a potion of mutation {unknown}
 v - a potion of cancellation {unknown}
 z - 2 potions of heal wounds {unknown}
 A - 2 potions of degeneration {unknown}
 F - 3 potions of resistance {unknown}
 H - a potion of lignification {unknown}
 I - a potion of flight {unknown}
 J - 2 potions of brilliance {unknown}
 L - a potion of berserk rage {unknown}


   Skills:
 - Level 2.4 Dodging
 - Level 2.4 Stealth
 + Level 8.5 Spellcasting
 + Level 6.5 Conjurations
 + Level 7.4 Fire Magic
 + Level 4.8 Ice Magic


You had 15 spell levels left.
You knew the following spells:

 Your Spells              Type           Power      Damage    Failure   Level
a - Foxfire               Conj/Fire      100%       2x1d9     1%          1
b - Scorch                Fire           88%        2d9       1%          2
c - Conjure Flame         Conj/Fire      42%        6-21      1%          3
d - Frozen Ramparts       Ice            64%        1d10      2%          3

Your spell library contained the following spells:

 Spells                   Type           Power      Damage    Failure   Level
 Flame Wave               Conj/Fire      42%        2d11      3%          4
 Inner Flame              Hex/Fire       27%        N/A       4%          3
 Summon Small Mammal      Summ           36%        N/A       7%          1
 Call Canine Familiar     Summ           9%         N/A       21%         3
 Summon Guardian Golem    Hex/Summ       9%         N/A       21%         3
 Ice Form                 Ice/Tmut       21%        N/A       24%         4
 Summon Ice Beast         Ice/Summ       21%        N/A       24%         4


Dungeon Overview and Level Annotations

Branches:
Dungeon (7/15)             Temple (1/1) D:6

Altars:
Ashenzari
Cheibriados
Fedhas
Gozag
Hepliaklqana
Makhleb
Nemelex Xobeh
Okawaru
Qazlal
Ru
Uskayaw
Vehumet
Wu Jian
Xom
The Shining One

Shops:
D:2 (:[   D:5 [[[:*

Annotations:
D:7 1 runed translucent door, Crazy Yiuf


Message History

The wall freezes something but does no damage.
Something hits you.
* * * LOW HITPOINT WARNING * * *
The wall freezes something but does no damage.
The wall freezes something.
Casting: Foxfire (safe; 1% risk of failure)
Confirm with . or Enter, or press ? or * to list all spells.
You conjure some foxfire!
The wall freezes something but does no damage.
Something hits you but does no damage.
The wall freezes something but does no damage.
The wall freezes something.
Something hits you.
* * * LOW HITPOINT WARNING * * *
The frozen ramparts melt away.
The foxfire hits something.
The foxfire hits something but does no damage.
Something hits you but does no damage. x2
Casting: Foxfire (safe; 1% risk of failure)
Confirm with . or Enter, or press ? or * to list all spells.
Casting: Frozen Ramparts (dangerous; 2% risk of failure)
Press: ? - help, Dir - look around, f - activate The walls around you are covered in ice.
The wall freezes something.
Something hits you.
* * * LOW HITPOINT WARNING * * *
The wall freezes something but does no damage.
The wall freezes something.
Blink to where?
Press: ? - help, Dir - move target, f - you
Okay, then.
You feel better.
The wall freezes something.
Something hits you!
* * * LOW HITPOINT WARNING * * *
The wall freezes something.
Something hits you but does no damage.
The wall freezes something but does no damage.
Blink to where?
Press: ? - help, Dir - move target Your frozen ramparts will break if you move.
Continue?
The frozen ramparts melt away as you move.
As you read the scroll of blinking, it crumbles to dust.
Something hits you!
You die...
Your body crumbles into a pile of gold.

..........[...........##.
PPP.._..PPPP..####..... $
......................#..
#######.^........#######.
.....#.).#....# ##
######...###..## #
##......# #...## #
####..##..## #....# #
.###......@.># #....# ##
.........)##.# ♣....♣ #.
..........#### ♣♣...♣ #.
.........[# ♣♣.♣♣ #.
........).# ♣♣.♣ ###.
..........#### ♣.♣♣ #.>.
.............# ♣♣.♣ #...
..........#..# ♣.♣♣ #...
$ ..........#..# #+# #...


There were no monsters in sight!

Vanquished Creatures
  Menkaure (D:7)
  A steam dragon (D:6)
  An orc warrior (D:5)
  2 ice beasts (D:5)
  2 black bears
  4 ogres
  3 scorpions
  4 wights
  An orc priest (D:6)
  2 gnoll boudas
  A hound (D:5)
  An iguana (D:6)
  7 adders
  4 gnolls
  A shadow imp (D:6)
  4 ufetubi
  4 worms
  3 dart slugs
  11 orcs
  4 endoplasms
  6 giant cockroaches
  5 goblins
  3 hobgoblins
  8 kobolds
  5 quokkas
  2 ball pythons
  14 bats
  5 frilled lizards
  4 rats
113 creatures vanquished.

Vanquished Creatures (others)
  427 foxfires
  4 plants (D:7)
431 creatures vanquished.

Grand Total: 544 creatures vanquished

Notes
Turn   | Place    | Note
-------+----------+-------------------------------------------
     0 | D:1      | bnorton916 the Deep Elf Fire Elementalist began the quest
                  | for the Orb.
     0 | D:1      | Reached XP level 1. HP: 10/10 MP: 6/6
   279 | D:1      | Reached XP level 2. HP: 15/15 MP: 6/8
  1125 | D:2      | Found Yruatit's Antique Armour Shop.
  1301 | D:2      | Found Itaxey's Book Boutique.
  1506 | D:2      | Reached XP level 3. HP: 19/19 MP: 8/10
  1751 | D:2      | Learned a level 2 spell: Scorch
  1927 | D:2      | Found Muaruqil's Weapon Emporium.
  2040 | D:2      | Reached skill level 4 in Spellcasting
  2327 | D:3      | Reached XP level 4. HP: 24/24 MP: 8/12
  3281 | D:3      | Reached XP level 5. HP: 28/28 MP: 4/14
  3547 | D:4      | Found a sacrificial altar of Ru.
  3613 | D:4      | Reached skill level 5 in Spellcasting
  3683 | D:4      | Noticed an ogre
  3691 | D:4      | Learned a level 3 spell: Conjure Flame
  3700 | D:4      | Killed an ogre
  3701 | D:4      | Reached skill level 5 in Fire Magic
  3862 | D:4      | Reached XP level 6. HP: 32/32 MP: 13/16
  4329 | D:5      | Entered Level 5 of the Dungeon
  4329 | D:5      | Noticed an ice beast
  4337 | D:5      | Killed an ice beast
  4375 | D:5      | Found Cangoyrch's Book Shoppe.
  4391 | D:5      | Learned a level 3 spell: Frozen Ramparts
  4422 | D:5      | Reached skill level 6 in Spellcasting
  4674 | D:5      | Found a hide-covered altar of Uskayaw.
  4686 | D:5      | Reached skill level 1 in Ice Magic
  4686 | D:5      | Reached XP level 7. HP: 36/36 MP: 13/18
  4756 | D:5      | Found Ycuem's Antique Armour Shoppe.
  5048 | D:5      | Found Cozxilal's Armour Boutique.
  5094 | D:5      | Found Loxtaq's Antique Armour Shoppe.
  5107 | D:5      | Found Fiurghaf's General Store.
  5153 | D:5      | Identified the +6 halberd "Ypeahudue" {venom, *Corrode
                  | rF+++ Str-5 SInv}
  5348 | D:5      | Reached skill level 5 in Conjurations
  5474 | D:6      | Reached skill level 7 in Spellcasting
  5631 | D:6      | Reached XP level 8. HP: 41/41 MP: 20/20
  5818 | D:6      | Found a staircase to the Ecumenical Temple.
  5827 | Temple   | Entered the Ecumenical Temple
  6326 | D:6      | Found a shimmering altar of Xom.
  6935 | D:6      | Reached skill level 8 in Spellcasting
  7658 | D:7      | Identified the +0 scale mail "Juade" {rPois}
  7704 | D:7      | Found a runed translucent door.
  7705 | D:7      | Noticed Crazy Yiuf
  7718 | D:7      | Found an opulent altar of Gozag.
  7726 | D:7      | Became a worshipper of Gozag Ym Sagoz the Greedy
  7954 | D:7      | Noticed Menkaure
  7963 | D:7      | Killed Menkaure
  8035 | D:7      | Slain by an unseen horror

Illustrated notes

Levels and vault maps discovered:
D:1:      amcnicky_arrival_underground_garden, layout_basic
D:2:      kennysheep_six_static_rooms, layout_basic, serial_shops, shop,
          nicolae_diamond_shop, nicolae_shop_window_shopping,
          serial_park_tiny_pond
D:3:      layout_loops_ring, dreamdust_ecumenical_altar_statues, st_stairs_4,
          goddamned_bats
D:4:      layout_rooms, mainiacjoe_overflow_small_starburst
D:5:      layout_cave_pools, amcnicky_altar_gilded, serial_shops,
          nicolae_shop_hallway_plus, nicolae_shop_hallway_plus,
          nicolae_shop_trees, nicolae_shop_behind_doors, shop,
          kennysheep_generic_room_9
D:6:      layout_loops_cross, general_overflow_altar, lemuel_temple_firewalk_a,
          dk_noncrumbling_3
D:7:      layout_rooms, nicolae_elyvilon_temple_path,
          mainiacjoe_overflow_boulevard, mainiacjoe_overflow_two_lobes,
          uniq_menkaure, uniq_joseph, uniq_crazy_yiuf_cottage
Temple:   bh_familiar_temple

Skill      XL: |  1  2  3  4  5  6  7  8 |
---------------+-------------------------+-----
Conjurations   | 2 3 4 5 6 |  6.5
Spellcasting   | 4 5 6 7 8 |  8.5
Fire Magic     | 4 5 6 7 |  7.4
Ice Magic      | 1 3 4 |  4.8
Dodging        | |  2.4
Stealth        | |  2.4

Action                   |  1- 3 |  4- 6 |  7- 9 || total
-------------------------+-------+-------+-------++-------
Melee: Dagger            |       |       |     1 ||     1
 Cast: Foxfire           |    93 |   101 |    65 ||   259
       Scorch            |     2 |     8 |    40 ||    50
       Conjure Flame     |       |     2 |     1 ||     3
       Frozen Ramparts   |       |       |     3 ||     3
  Use: Scroll            |       |     2 |     1 ||     3
       Potion            |       |     1 |     4 ||     5
Armor: Robe              |     3 |     4 |     3 ||    10
       Steam dragon scal |       |       |    22 ||    22
Dodge: Dodged            |     6 |    14 |    37 ||    57
